[Event "Titled Tuesday Blitz February 21 Late 2023"]
[White "Rios Escobar, Adan"]
[Black "Veiga, Jose Francisco R P Neves"]
[WhiteFideId "3403645"]
[BlackFideId "1930087"]
[WhiteElo "2234"]
[BlackElo "2406"]
[Result "0-1"]
[Round "07"]
[TimeControl "180+2"]
[Date "2023.02.21"]
[WhiteClock "0:00:02"]
[BlackClock "0:00:05"]

1. d4 Nf6 2. g3 d5 3. Nf3 g6 4. Bg2 Bg7 5. c4 c6 6. Qb3 O-O 7. Nc3 dxc4 8. Qxc4 Be6 9. Qd3 Na6 10. e4 Nb4 11. Qe2 b5 12. b3 c5 13. Nxb5 Nxe4 14. O-O Nc3 15. Nxc3 cxd4 16. a3 Nc6 17. Ne4 d3 18. Qa2 Bxb3 19. Qxb3 Bxa1 20. Bh6 Rb8 21. Qa4 Bg7 22. Bxg7 Kxg7 23. Qxc6 Qa5 24. Nfd2 Rfc8 25. Qd7 Qxa3 26. Qd4+ Kg8 27. Ng5 Rd8 28. Qh4 h5 29. Qf4 Qa2 30. Rd1 a5 31. Be4 a4 32. Bxd3 Rbc8 33. Be4 a3 34. h4 Rf8 35. Bd5 Qxd5 36. Re1 a2 37. Nde4 f6 38. Nf3 Kg7 39. Ned2 e5 40. Qe3 Rfd8 41. Ne4 Qd3 42. Qa7+ Rd7 43. Qxa2 Qxf3 44. Qa6 Rcd8 45. Nc5 Rd1 46. Ne6+ Kh6 47. Qf1 Rxe1 48. Qxe1 Rd1 0-1


[Site "https://www.chess.com"]

[Event "Titled Tuesday Blitz February 21 Late 2023"]
[White "Bhavikatti, Neil"]
[Black "Remolar Gallen, Jose"]
[WhiteFideId "30935024"]
[BlackFideId "2215187"]
[WhiteElo "2051"]
[BlackElo "2285"]
[Result "1/2-1/2"]
[Round "07"]
[TimeControl "180+2"]
[Date "2023.02.21"]
[WhiteClock "0:00:03"]
[BlackClock "0:00:03"]

1. d4 g6 2. c4 Bg7 3. Nc3 d6 4. Nf3 Bg4 5. Bg5 h6 6. Bh4 c5 7. dxc5 Qa5 8. Qb3 dxc5 9. e3 Nc6 10. Be2 O-O-O 11. O-O Nf6 12. Nd5 Be6 13. Rfd1 Rd7 14. Nxf6 Bxf6 15. Bxf6 exf6 16. Rxd7 Bxd7 17. Rd1 Be6 18. a3 Qc7 19. Qc3 Qe7 20. Nd2 Rd8 21. Ne4 Rxd1+ 22. Bxd1 f5 23. Nd2 h5 24. Bf3 Qd6 25. Bxc6 Qxc6 26. f3 Qd6 27. f4 b6 28. Kf2 Kb7 29. Ke2 Bd7 30. Nf3 f6 31. Qd3 Kc7 32. Qc3 Bc6 33. Ne1 Be4 34. Qd2 Kc6 35. Qxd6+ Kxd6 36. Nf3 a6 37. Kd2 b5 38. Kc3 Kc6 39. Ne1 Kb6 40. g3 Kc6 41. Nd3 g5 42. Nf2 Bf3 43. Nd3 Be4 44. Ne1 g4 45. Nd3 Bxd3 46. Kxd3 Kd6 47. b3 Kc6 48. Kc3 Kd6 49. Kd3 Kc6 50. Kc3 Kb6 51. Kd3 Kc6 1/2-1/2


[Site "https://www.chess.com"]

[Event "Titled Tuesday Blitz February 21 Late 2023"]
[White "Pino Perez, Lazaro"]
[Black "Nygren, Kim"]
[WhiteFideId "3517055"]
[BlackFideId "1706136"]
[WhiteElo "2142"]
[BlackElo "2183"]
[Result "1-0"]
[Round "07"]
[TimeControl "180+2"]
[Date "2023.02.21"]
[WhiteClock "0:00:03"]
[BlackClock "0:00:05"]

1. d4 Nf6 2. Bf4 c5 3. d5 Qb6 4. Nc3 d6 5. e4 Nxe4 6. Nxe4 Qb4+ 7. Qd2 Qxe4+ 8. Ne2 Bf5 9. O-O-O Qa4 10. Nc3 Qa5 11. Re1 Nd7 12. Bxd6 O-O-O 13. Bxe7 Bxe7 14. Rxe7 Rhe8 15. Rxf7 Bg6 16. Rxg7 Ne5 17. Bb5 Rf8 18. Re1 a6 19. Rxe5 axb5 20. Qe3 b4 21. Na4 Rf4 22. Qxf4 Qxa4 23. Re2 Qa5 24. d6 Kb8 25. Qf3 Qb5 26. b3 Ka8 27. Rd2 c4 28. bxc4 Qa6 29. Rd5 Qa3+ 30. Qxa3+ bxa3 31. c5 Kb8 32. Re5 Ka7 33. Ree7 Ka6 34. Rxb7 Re8 35. Rbc7 Re2 36. d7 Rxc2+ 37. Kd1 Rxa2 38. d8=Q Ra1+ 39. Kd2 Ra2+ 40. Kc3 Rc2+ 41. Kb3 Rb2+ 42. Kxa3 Rb5 43. Ra7# 1-0


[Site "https://www.chess.com"]

[Event "Titled Tuesday Blitz February 21 Late 2023"]
[White "Jorajuria Mendoza, Algol"]
[Black "Berezin, Viktor"]
[WhiteFideId "5128897"]
[BlackFideId "14107872"]
[WhiteElo "2069"]
[BlackElo "2307"]
[Result "1-0"]
[Round "07"]
[TimeControl "180+2"]
[Date "2023.02.21"]
[WhiteClock "0:00:02"]
[BlackClock "0:00:01"]

1. e4 g6 2. d4 Bg7 3. Be3 d6 4. Nc3 Nf6 5. f3 O-O 6. Qd2 c6 7. h4 h5 8. Nh3 b5 9. a4 b4 10. Ne2 a5 11. Nef4 Nbd7 12. Bc4 e6 13. Bxe6 fxe6 14. Nxe6 Qe7 15. Nxf8 Nxf8 16. Ng5 Ne6 17. O-O Ba6 18. Rfe1 Nxg5 19. Bxg5 Qe6 20. Rad1 Rf8 21. Bh6 Qc4 22. Qg5 Qf7 23. Bxg7 Kxg7 24. d5 cxd5 25. e5 dxe5 26. Qxe5 Bb7 27. Qd6 Re8 28. Qb6 Bc8 29. Qxa5 Bf5 30. Qxb4 Bxc2 31. Rc1 Bf5 32. Qd4 Re7 33. a5 Qe8 34. Kf2 Kf7 35. b4 Be6 36. a6 Qb5 37. a7 Qb7 38. Ra1 Qa8 39. Rec1 Bf5 40. b5 Ne4+ 41. fxe4 Rxe4 42. Qc5 Bg4 43. Qc7+ Re7 44. Qc6 Qd8 45. a8=Q Re2+ 46. Kg1 Qxh4 47. Qab7+ Re7 48. Qcb6 Qg3 49. Qxe7+ Kxe7 50. Rc7+ Bd7 51. Re1+ Kf8 52. Rf1+ 1-0


[Site "https://www.chess.com"]

[Event "Titled Tuesday Blitz February 21 Late 2023"]
[White "Toncheva, Nadya"]
[Black "Guzman Moneo, Alberto"]
[WhiteFideId "2924056"]
[BlackFideId "2209616"]
[WhiteElo "2295"]
[BlackElo "2170"]
[Result "0-1"]
[Round "07"]
[TimeControl "180+2"]
[Date "2023.02.21"]
[WhiteClock "0:00:03"]
[BlackClock "0:00:29"]

1. d4 Nf6 2. c4 c5 3. d5 b5 4. cxb5 a6 5. b6 g6 6. Nc3 Bg7 7. Qb3 Bb7 8. e4 d6 9. a4 a5 10. Nf3 O-O 11. Nd2 Nbd7 12. Nc4 Ba6 13. Bg5 Rb8 14. Nxa5 Rxb6 15. Qc2 Bxf1 16. Kxf1 Rxb2 17. Qxb2 Qxa5 18. Qc2 Nxe4 19. Qxe4 Bxc3 20. Rb1 Nf6 21. Bxf6 Bxf6 22. g3 Ra8 23. Kg2 Qxa4 24. Qe3 Kg7 25. h4 h5 26. Rb7 Qc4 27. Rd1 Ra2 28. Rd2 Ra1 29. Qd3 Qxd3 30. Rxd3 Ra2 31. Rc7 Rc2 32. Rf3 Rd2 33. Ra3 Rxd5 34. Kf3 Rf5+ 35. Ke2 Bd4 36. Rxe7 Rxf2+ 37. Ke1 Rf5 38. Ke2 c4 39. Rf3 Rxf3 40. Kxf3 c3 41. Rc7 Be5 42. Ke4 Kf6 43. Kf3 Ke6 44. Rc8 d5 45. g4 hxg4+ 46. Kxg4 d4 47. Kf3 f5 48. Rc6+ Kd5 49. Rxg6 c2 50. Rg1 d3 51. Ke3 Bd4+ 52. Kxd3 Bxg1 53. Kxc2 Ke4 54. h5 Be3 55. Kd1 Kf3 56. Ke1 Kg2 57. Ke2 Bg5 58. Ke1 f4 59. h6 Bxh6 0-1


[Site "https://www.chess.com"]

[Event "Titled Tuesday Blitz February 21 Late 2023"]
[White "Santos Flores, Alberto"]
[Black "Lorenzo De La Riva, Lazaro"]
[WhiteFideId "3601234"]
[BlackFideId "2268809"]
[WhiteElo "2164"]
[BlackElo "2404"]
[Result "0-1"]
[Round "07"]
[TimeControl "180+2"]
[Date "2023.02.21"]
[WhiteClock "0:00:06"]
[BlackClock "0:00:42"]

1. e4 d6 2. d4 Nf6 3. Nc3 c6 4. Nf3 g6 5. Be3 b5 6. Bd3 Bg7 7. Qd2 Ng4 8. Bg5 h6 9. Bh4 b4 10. Ne2 a5 11. O-O-O Qc7 12. Kb1 Be6 13. Nf4 Bd7 14. h3 Nf6 15. e5 Nd5 16. e6 Bxe6 17. Nxe6 fxe6 18. Bxg6+ Kd7 19. Rhe1 Qb6 20. Ka1 b3 21. cxb3 a4 22. bxa4 Rxa4 23. Qe2 Nf4 24. Qe4 Qa5 25. Qxf4 Rxa2+ 26. Kb1 Na6 27. Bf7 Ra1+ 28. Kc2 Nb4+ 29. Kb3 Qa4+ 30. Kc3 Nd5+ 31. Kd3 Rxd1+ 32. Rxd1 Nxf4+ 33. Ke4 Qxd1 34. Kxf4 Rf8 0-1


[Site "https://www.chess.com"]

[Event "Titled Tuesday Blitz February 21 Late 2023"]
[White "Stachanczyk, Jacek"]
[Black "Golubev, Mikhail"]
[WhiteFideId "1116657"]
[BlackFideId "14100983"]
[WhiteElo "2147"]
[BlackElo "2461"]
[Result "0-1"]
[Round "07"]
[TimeControl "180+2"]
[Date "2023.02.21"]
[WhiteClock "0:02:22"]
[BlackClock "0:01:04"]

1. e4 c5 2. Nf3 d6 3. d4 cxd4 4. Nxd4 Nf6 5. Nc3 g6 6. Be3 Bg7 7. f3 Nc6 8. Qd2 O-O 9. O-O-O d5 10. Qe1 e5 11. Nxc6 bxc6 12. exd5 Nxd5 13. Bc4 Be6 14. Ne4 Qc7 15. g4 Nxe3 16. Bxe6 Nxd1 17. Bb3 Rad8 18. Qe2 Nxb2 19. Kxb2 Kh8 20. h4 f5 21. Ng5 e4+ 22. Kb1 Qe5 23. Bg8 Qa1# 0-1


[Site "https://www.chess.com"]

[Event "Titled Tuesday Blitz February 21 Late 2023"]
[White "Przybylski, Wojciech"]
[Black "Fernandez Siles, Luis"]
[WhiteFideId "1117599"]
[BlackFideId "2209420"]
[WhiteElo "2321"]
[BlackElo "2218"]
[Result "0-1"]
[Round "07"]
[TimeControl "180+2"]
[Date "2023.02.21"]
[WhiteClock "0:00:14"]
[BlackClock "0:00:14"]

1. e4 c5 2. Nf3 Nc6 3. d4 cxd4 4. Nxd4 Nf6 5. Nc3 e5 6. Ndb5 d6 7. Bg5 a6 8. Na3 b5 9. Nd5 Be7 10. Bxf6 Bxf6 11. c3 O-O 12. Nc2 Rb8 13. a4 bxa4 14. Ncb4 Bb7 15. Bd3 a5 16. Nc2 Ba8 17. Ra2 Bg5 18. O-O Ne7 19. c4 Bxd5 20. cxd5 Qd7 21. Qa1 Rfc8 22. Rxa4 Rxb2 23. Qxb2 Qxa4 24. Ra1 Qd7 25. Rxa5 f5 26. g3 f4 27. Be2 Qc7 28. Ra2 fxg3 29. hxg3 Qc3 30. Qxc3 Rxc3 31. Nb4 Nc8 32. Bg4 Nb6 33. Nc6 Kf7 34. Ra7+ Kf6 35. Bh5 g6 36. Bg4 h5 37. Be6 Bd2 38. Ra6 Nc4 39. Kg2 Rc2 40. Kf3 g5 41. Ra8 g4+ 42. Kg2 Be3 43. Rf8+ Kg6 44. Ne7+ Kg7 45. Rf7+ Kh6 46. Rf6+ Kg7 47. Rf7+ Kh8 48. Rf8+ Kg7 49. Rf5 Bc5 50. Rf7+ Kh8 51. Rf8+ Kg7 52. Rf7+ Kh8 53. Rf5 Ne3+ 54. Kg1 Nxf5 55. exf5 Rxf2 56. f6 Rxf6+ 57. Kh1 Rf1+ 58. Kg2 Rf2+ 59. Kh1 h4 60. Ng6+ Kg7 61. Nxh4 Rf1+ 62. Kg2 Rf2+ 63. Kh1 e4 64. Bxg4 e3 65. Kg1 Kf6 66. Ng2 e2 67. Bxe2 Rxe2+ 68. Kh2 Ke5 69. Kh3 Rxg2 70. Kxg2 Kxd5 71. Kf3 Ke5 72. g4 d5 73. g5 d4 74. g6 Bf8 75. Ke2 Bg7 76. Kd3 Kf5 77. Kc4 Kxg6 78. Kd3 Kf5 79. Kd2 Ke5 80. Ke2 Ke4 81. Kd2 d3 82. Kd1 Ke3 83. Ke1 d2+ 84. Kd1 Bf6 85. Kc2 Ke2 86. Kb1 Bh4 87. Ka2 d1=Q 88. Ka3 Qb1 89. Ka4 Kd3 90. Ka5 Kc4 91. Ka6 Kc5 92. Ka7 Kc6 93. Ka8 Qb7# 0-1


[Site "https://www.chess.com"]

[Event "Titled Tuesday Blitz February 21 Late 2023"]
[White "Zampronha, Wladimir Camilo"]
[Black "Mikhalsky, Vladimir"]
[WhiteFideId "2103087"]
[BlackFideId "14144352"]
[WhiteElo "2176"]
[BlackElo "2219"]
[Result "1-0"]
[Round "07"]
[TimeControl "180+2"]
[Date "2023.02.21"]
[WhiteClock "0:00:05"]
[BlackClock "0:00:01"]

1. e4 g6 2. d4 Bg7 3. Nc3 d6 4. Bg5 h6 5. Be3 Nf6 6. f3 a6 7. Qd2 b5 8. O-O-O Nc6 9. g4 h5 10. g5 Nd7 11. f4 Nb6 12. d5 Na5 13. b3 b4 14. Nce2 Nac4 15. bxc4 Nxc4 16. Qd3 Nb2 17. Qb3 Nxd1 18. Kxd1 a5 19. Bd4 e5 20. fxe5 c5 21. dxc6 dxe5 22. c7 Qd6 23. Nf3 exd4 24. e5 Qxc7 25. Nexd4 O-O 26. Bd3 Bg4 27. Kc1 Bxe5 28. Nxe5 Qxe5 29. Qb2 Qxg5+ 30. Kb1 a4 31. h4 Qf6 32. Nb5 Qxb2+ 33. Kxb2 Be6 34. Re1 Rfc8 35. Re4 Bf5 36. Rxb4 Bxd3 37. cxd3 Rab8 38. a3 Rc5 39. Nc3 Rxb4+ 40. axb4 Rf5 41. b5 g5 42. b6 Rf6 43. Nd5 Rd6 44. b7 a3+ 45. Kxa3 Rd8 46. Ne7+ Kf8 47. Nc8 Rxd3+ 48. Kb2 gxh4 49. b8=Q h3 50. Qh2 Rf3 51. Kc1 h4 52. Nd6 Rg3 53. Ne4 Re3 54. Ng5 Rg3 55. Nxh3 f5 56. Nf4 Rg4 57. Kd2 Kf7 58. Ke3 Kf6 59. Kf3 Kg5 60. Qd2 Rg3+ 61. Kf2 Kg4 62. Ng2 Rf3+ 63. Kg1 h3 64. Qd5 hxg2 65. Kxg2 Rg3+ 66. Kf2 Rh3 67. Qg8+ Kf4 68. Qf8 Kg4 69. Kg2 1-0


[Site "https://www.chess.com"]

[Event "Titled Tuesday Blitz February 21 Late 2023"]
[White "Ardila, Oscar Humberto"]
[Black "Vega Gutierrez, Sabrina"]
[WhiteFideId "4404742"]
[BlackFideId "2219026"]
[WhiteElo "1982"]
[BlackElo "2377"]
[Result "1-0"]
[Round "07"]
[TimeControl "180+2"]
[Date "2023.02.21"]
[WhiteClock "0:00:29"]
[BlackClock "0:00:04"]

1. d4 d5 2. c4 e6 3. Nc3 c6 4. Nf3 dxc4 5. a4 Bb4 6. e3 b5 7. Bd2 a5 8. axb5 Bxc3 9. Bxc3 cxb5 10. Ne5 Nf6 11. Qf3 Qd5 12. Qxd5 Nxd5 13. Rxa5 Rxa5 14. Bxa5 f6 15. Nf3 Nc6 16. Bd2 Bb7 17. Be2 Kd7 18. O-O Ra8 19. Rb1 Ra2 20. Be1 Ba6 21. Bf1 Nb6 22. b3 Nd5 23. bxc4 bxc4 24. Rc1 f5 25. Bxc4 Bxc4 26. Rxc4 Ra1 27. Kf1 Na5 28. Ne5+ Kd6 29. Rc8 f4 30. Ke2 Ra2+ 31. Kf3 fxe3 32. fxe3 Nb3 33. Bb4+ Nxb4 34. Rd8+ Ke7 35. Rd7+ Kf8 36. Rb7 Nd2+ 37. Kf4 Nd5+ 38. Kg5 Ne4+ 39. Kh5 Rxg2 40. Rb8+ Ke7 41. Rb7+ Kd6 42. Rd7# 1-0


[Site "https://www.chess.com"]

[Event "Titled Tuesday Blitz February 21 Late 2023"]
[White "Bon, Michael"]
[Black "Mendez Machado, Andre"]
[WhiteFideId "620696"]
[BlackFideId "6603793"]
[WhiteElo "2394"]
[BlackElo "1974"]
[Result "1-0"]
[Round "07"]
[TimeControl "180+2"]
[Date "2023.02.21"]
[WhiteClock "0:02:03"]
[BlackClock "0:00:41"]

1. e4 e5 2. Nf3 Nc6 3. Nc3 Nf6 4. g3 Bc5 5. Bg2 O-O 6. O-O a6 7. Nxe5 Nxe5 8. d4 d6 9. dxc5 dxc5 10. Bf4 Nc6 11. Qxd8 Rxd8 12. Bxc7 Rd2 13. Rad1 Rxc2 14. e5 Ne8 15. Bxc6 bxc6 16. Rd8 Bb7 17. Rxa8 Bxa8 18. Rd1 f6 19. Rd8 Kf7 20. Rxa8 Nxc7 21. Ra7 fxe5 22. Rxc7+ Kf6 23. Rxc6+ 1-0


[Site "https://www.chess.com"]

[Event "Titled Tuesday Blitz February 21 Late 2023"]
[White "Mazurkiewicz, Michal"]
[Black "Zhang, Alan"]
[WhiteFideId "1124943"]
[BlackFideId "30936870"]
[WhiteElo "2145"]
[BlackElo "2001"]
[Result "1-0"]
[Round "07"]
[TimeControl "180+2"]
[Date "2023.02.21"]
[WhiteClock "0:00:43"]
[BlackClock "0:00:05"]

1. e4 e5 2. Nf3 Nc6 3. d3 Nf6 4. g3 d5 5. exd5 Nxd5 6. Bg2 Be7 7. O-O Be6 8. Re1 f6 9. d4 Qd6 10. c4 Ndb4 11. d5 Bf5 12. Na3 Na5 13. Qa4+ c6 14. Qxa5 O-O 15. Be3 Nd3 16. Re2 b6 17. Qd2 cxd5 18. cxd5 Qd7 19. Nh4 Bb4 20. Qd1 Nxb2 21. Rxb2 Bxa3 22. Rb3 Bd6 23. Rc1 Rac8 24. Nxf5 Qxf5 25. Rbc3 Rxc3 26. Rxc3 Rc8 27. Rc6 1-0


[Site "https://www.chess.com"]

[Event "Titled Tuesday Blitz February 21 Late 2023"]
[White "Winkels, Marcel"]
[Black "Koutlas, Nikolaos"]
[WhiteFideId "1003887"]
[BlackFideId "25827138"]
[WhiteElo "1960"]
[BlackElo "2341"]
[Result "0-1"]
[Round "07"]
[TimeControl "180+2"]
[Date "2023.02.21"]
[WhiteClock "0:00:01"]
[BlackClock "0:00:16"]

1. e4 c5 2. Nf3 Nc6 3. d4 cxd4 4. Nxd4 e5 5. Nb5 d6 6. c4 g6 7. Be2 Nf6 8. N1c3 a6 9. Na3 Bg7 10. Bg5 O-O 11. O-O Be6 12. Nc2 Rc8 13. b3 b5 14. cxb5 Nd4 15. Nxd4 exd4 16. Nd5 axb5 17. Bxb5 Bxd5 18. exd5 Qa5 19. Bc4 Nxd5 20. Qf3 Nc3 21. Be7 d5 22. Bxf8 dxc4 23. Bxg7 Kxg7 24. bxc4 Rxc4 25. Qd3 Ra4 26. a3 Nb5 27. Rfe1 Rxa3 28. Qd1 Rxa1 29. Qxa1 Qb4 30. h3 Nc3 31. Qa7 h5 32. Re7 Qc4 33. g3 d3 34. Qc7 Qxc7 35. Rxc7 d2 36. Rxc3 d1=Q+ 37. Kg2 Qd5+ 38. Kh2 g5 0-1


[Site "https://www.chess.com"]

[Event "Titled Tuesday Blitz February 21 Late 2023"]
[White "Kleiman, Jake"]
[Black "Gurevich, Ilya"]
[WhiteFideId "2020041"]
[BlackFideId "2000628"]
[WhiteElo "2399"]
[BlackElo "2586"]
[Result "0-1"]
[Round "07"]
[TimeControl "180+2"]
[Date "2023.02.21"]
[WhiteClock "0:00:21"]
[BlackClock "0:00:06"]

1. h4 d5 2. d4 c5 3. c3 Nc6 4. Bf4 Nf6 5. e3 Bf5 6. Nd2 e6 7. Ngf3 Ne4 8. Nxe4 Bxe4 9. Ne5 Qb6 10. Qb3 f6 11. Nxc6 bxc6 12. f3 Bg6 13. h5 Bf7 14. Be2 c4 15. Qc2 Be7 16. b3 cxb3 17. axb3 c5 18. Bd3 h6 19. g4 O-O 20. O-O cxd4 21. cxd4 e5 22. Bg3 exd4 23. exd4 Qxd4+ 24. Bf2 Qf4 25. Kg2 Bd6 26. Rh1 Rac8 27. Qd1 Rc3 28. Rxa7 d4 29. Be4 d3 30. Bxd3 Bxb3 31. Qe2 Bd5 32. Be4 Bc4 33. Qd1 Be5 34. Qd7 Bf7 35. Qf5 Qxf5 36. Bxf5 Bd5 37. Be4 Bxe4 38. fxe4 Rc2 39. Rd7 Ra8 40. Rf1 Raa2 41. Rd3 Kh7 42. Kf3 Ra4 43. Re1 Rcc4 44. Re2 Ra1 45. Kg2 Rcc1 46. Be3 Rc4 47. Bf2 Raa4 48. Kf3 Rcb4 49. Be1 Rc4 50. Bd2 Ra2 51. Rd5 Raa4 52. Rd7 Ra3+ 53. Be3 Raa4 54. Bb6 Ra3+ 55. Re3 Rxe3+ 56. Kxe3 Rc3+ 57. Ke2 Rg3 58. Bc5 Rxg4 59. Kf3 Rg5 60. Bf8 Kg8 61. Rd8 Rxh5 62. Bd6+ Kh7 63. Bxe5 Rxe5 64. Rd7 Kg6 65. Rd5 Rg5 66. Kf4 Rxd5 67. exd5 Kf7 68. Kf5 Ke7 69. Kg6 Kd6 70. Kxg7 h5 71. Kxf6 h4 72. Kf5 h3 0-1


[Site "https://www.chess.com"]

[Event "Titled Tuesday Blitz February 21 Late 2023"]
[White "Manu_ChessExcelsior"]
[Black "Moral Garcia, Serafin"]
[BlackFideId "2201925"]
[WhiteElo "2095"]
[BlackElo "2238"]
[Result "0-1"]
[Round "07"]
[TimeControl "180+2"]
[Date "2023.02.21"]
[WhiteClock "0:00:13"]
[BlackClock "0:00:28"]

1. e4 c5 2. g3 d5 3. exd5 Qxd5 4. Nf3 Nc6 5. Nc3 Qh5 6. Bg2 Nf6 7. h3 Bd7 8. g4 Qg6 9. d3 h5 10. Nh4 Qh7 11. g5 Ng8 12. Be4 g6 13. Bf4 e5 14. Be3 Bd6 15. Nb5 Ke7 16. Nxd6 Kxd6 17. Qd2 Nge7 18. O-O-O Nf5 19. Nxf5+ gxf5 20. Bg2 Qg6 21. f4 Rae8 22. Rhe1 b6 23. Qc3 Kc7 24. fxe5 Qe6 25. d4 cxd4 26. Rxd4 Rc8 27. Rd6 Qxa2 28. Bd5 Qa1+ 29. Kd2 Qa5 30. Rxc6+ Bxc6 31. Qxa5 bxa5 32. Bxc6 Kxc6 33. Bxa7 Rcd8+ 34. Kc3 Rd5 35. e6 fxe6 36. Rxe6+ Kb7 37. Bd4 Rc8+ 38. Kd3 f4 39. c3 Rxg5 40. Rf6 Rg3+ 41. Ke4 Rxh3 42. Kxf4 Re8 43. c4 Rh1 44. Rb6+ Kc7 45. c5 Rh4+ 46. Kf3 Rxd4 0-1


[Site "https://www.chess.com"]

[Event "Titled Tuesday Blitz February 21 Late 2023"]
[White "sissahungrychess"]
[Black "Vovk, Orest"]
[BlackFideId "14113490"]
[WhiteElo "2453"]
[BlackElo "2315"]
[Result "0-1"]
[Round "07"]
[TimeControl "180+2"]
[Date "2023.02.21"]
[WhiteClock "0:00:56"]
[BlackClock "0:00:50"]

1. c4 g5 2. d4 h6 3. e4 Bg7 4. Nc3 c5 5. Nge2 cxd4 6. Nxd4 Nc6 7. Nf5 Bxc3+ 8. bxc3 d6 9. Ng7+ Kf8 10. Nh5 Qa5 11. Bd2 Qe5 12. Bd3 Nf6 13. Nxf6 Qxf6 14. O-O Ne5 15. Be2 g4 16. Be3 Rg8 17. Bd4 Qf4 18. Be3 Qxe4 19. Bxh6+ Ke8 20. c5 Nf3+ 21. Kh1 Qh7 22. Bb5+ Kd8 23. cxd6 Qxh6 24. dxe7+ Kxe7 25. gxf3 Rh8 26. Re1+ Be6 27. Qd7+ Kf8 28. Qd6+ Kg7 29. fxg4 Bd5+ 30. Kg1 Qxd6 0-1


[Site "https://www.chess.com"]

[Event "Titled Tuesday Blitz February 21 Late 2023"]
[White "Seletsky, Grigory"]
[Black "Pinheiro, Iung Alicio de O."]
[WhiteFideId "14112191"]
[BlackFideId "2104350"]
[WhiteElo "2259"]
[BlackElo "2306"]
[Result "1-0"]
[Round "07"]
[TimeControl "180+2"]
[Date "2023.02.21"]
[WhiteClock "0:00:21"]
[BlackClock "0:00:12"]

1. d4 Nf6 2. Nf3 e6 3. c4 Bb4+ 4. Bd2 Qe7 5. a3 Bxd2+ 6. Nbxd2 d6 7. e3 e5 8. Be2 e4 9. Ng1 c5 10. d5 h6 11. h4 h5 12. Nh3 Na6 13. Nf4 g6 14. b4 Bf5 15. b5 Nb8 16. a4 Kf8 17. a5 Kg7 18. g3 Nbd7 19. Kf1 Ne5 20. Kg2 Bg4 21. Bxg4 Nexg4 22. Qc2 Rae8 23. a6 b6 24. Qc3 Kh7 25. Nh3 Rhf8 26. Ng5+ Kg8 27. Rae1 Nh7 28. Nxh7 Kxh7 29. Nf1 Ne5 30. Nh2 Qf6 31. Ref1 Qf5 32. Qc2 Nf3 33. Qe2 Ne5 34. Rhg1 Re7 35. Kh1 Rfe8 36. g4 hxg4 37. Nxg4 Nf3 38. Rg3 Kg7 39. Qb2+ f6 40. h5 Rh8 41. Nxf6 Rxh5+ 42. Nxh5+ Kf7 43. Qg7+ Ke8 44. Nf6+ Kd8 45. Qf8+ Kc7 46. Qxe7+ Kc8 47. Qe8+ Kc7 48. Qxg6 Qe5 49. Qf7+ Kc8 50. Rg8+ 1-0


[Site "https://www.chess.com"]

[Event "Titled Tuesday Blitz February 21 Late 2023"]
[White "Grycel, Kamil"]
[Black "Miszler, Levente"]
[WhiteFideId "1115499"]
[BlackFideId "763276"]
[WhiteElo "2315"]
[BlackElo "2271"]
[Result "1-0"]
[Round "07"]
[TimeControl "180+2"]
[Date "2023.02.21"]
[WhiteClock "0:00:07"]
[BlackClock "0:00:10"]

1. b3 d5 2. Bb2 Nf6 3. Nf3 g6 4. g3 Bg7 5. Bg2 O-O 6. O-O c5 7. e3 Nc6 8. d3 Be6 9. Nbd2 Qd7 10. Ng5 Bg4 11. Qc1 h6 12. Ngf3 Bh3 13. Ne5 Nxe5 14. Bxe5 Bxg2 15. Kxg2 Rfd8 16. Qb2 Ne8 17. Bxg7 Nxg7 18. Nf3 Rac8 19. Ne5 Qe6 20. Rae1 Nf5 21. e4 Nd4 22. f4 dxe4 23. Rxe4 Qd5 24. c4 Qd6 25. Nf3 Nf5 26. Ne5 Qf6 27. Qe2 Rd4 28. Rxd4 Nxd4 29. Qe4 Qa6 30. Rf2 Rd8 31. g4 b5 32. f5 bxc4 33. dxc4 gxf5 34. gxf5 Qf6 35. Kh1 Kh8 36. Rg2 Rg8 37. Rxg8+ Kxg8 38. Kg2 Qxf5 39. Qxf5 Nxf5 40. Nd7 Ne3+ 41. Kf3 Nc2 42. Nxc5 Nb4 43. a4 Kf8 44. Ke4 e6 45. Nd3 Nc6 46. b4 f5+ 47. Kf4 Ke7 48. b5 Nd4 49. c5 Kf6 50. c6 Ke7 51. Ne5 Kd6 52. Nf7+ Kc5 53. Nxh6 Kb6 54. Ke5 Nb3 55. Kxe6 Nc5+ 56. Kxf5 Nxa4 57. h4 Kxb5 58. c7 Nb6 59. Nf7 Kc6 60. h5 Kxc7 61. h6 Nd5 62. h7 Ne7+ 63. Kf6 Ng6 64. Kxg6 1-0


[Site "https://www.chess.com"]

[Event "Titled Tuesday Blitz February 21 Late 2023"]
[White "Fernandez Garcia, Gumersindo"]
[Black "Deng, Henry"]
[WhiteFideId "24516740"]
[BlackFideId "30965454"]
[WhiteElo "2160"]
[BlackElo "2168"]
[Result "0-1"]
[Round "07"]
[TimeControl "180+2"]
[Date "2023.02.21"]
[WhiteClock "0:00:01"]
[BlackClock "0:01:44"]

1. e4 c5 2. Nf3 e6 3. c3 Nf6 4. Bd3 c4 5. Bxc4 Nxe4 6. O-O d6 7. d4 Be7 8. Re1 Nf6 9. Bd3 O-O 10. Nbd2 b6 11. Ne4 Bb7 12. Nxf6+ Bxf6 13. Bxh7+ Kxh7 14. Bf4 Kg8 15. Qd3 Nc6 16. Rad1 Ne7 17. g4 Ng6 18. Bc1 Nh4 19. Nxh4 Bxh4 20. Re3 Qf6 21. Rf1 Bg5 22. Rh3 g6 23. f4 Bh4 24. g5 Bxg5 25. fxg5 Qe7 26. Qg3 Kg7 27. Bf4 Rad8 28. Rh6 Rh8 29. Re1 Rxh6 30. gxh6+ Kh7 31. Bg5 f6 32. Bh4 Bd5 33. Qf2 g5 34. Bg3 Qb7 35. Qc2+ Kh8 36. h4 gxh4 37. Bxh4 Rf8 38. Kf1 Qf7 39. Re3 Qh5 40. Bf2 Qh1+ 41. Ke2 Qg2 42. Qg6 Qxg6 0-1


[Site "https://www.chess.com"]

[Event "Titled Tuesday Blitz February 21 Late 2023"]
[White "Sonnenschein, Philipp"]
[Black "Gatterer, Florian"]
[WhiteFideId "16250877"]
[BlackFideId "811688"]
[WhiteElo "2224"]
[BlackElo "2170"]
[Result "1/2-1/2"]
[Round "07"]
[TimeControl "180+2"]
[Date "2023.02.21"]
[WhiteClock "0:00:23"]
[BlackClock "0:00:21"]

1. Nf3 d5 2. e3 Nf6 3. c4 c6 4. Nc3 g6 5. d4 Bg7 6. Bd3 O-O 7. h3 Be6 8. b3 c5 9. cxd5 Nxd5 10. Bb2 cxd4 11. Nxd4 Bxd4 12. exd4 Nxc3 13. Bxc3 Bd5 14. O-O Nc6 15. Qd2 Qd7 16. Qh6 Rac8 17. Rfe1 Rfe8 18. Re3 Nd8 19. Bb2 Ne6 20. Rae1 Ng7 21. Ba3 e6 22. h4 Nf5 23. Bxf5 exf5 24. Be7 f6 25. Bxf6 Rxe3 26. Rxe3 Qf7 27. Be5 Re8 28. h5 f4 29. Rc3 Bc6 30. hxg6 Qxg6 31. Qxg6+ hxg6 32. Bxf4 Re1+ 33. Kh2 Re2 34. Kg3 Rxa2 35. Re3 Kf7 36. Bg5 Rb2 37. f3 a5 38. Re7+ Kf8 39. Re6 Kf7 40. Re7+ Kf8 41. Re3 Kf7 42. Re7+ 1/2-1/2


[Site "https://www.chess.com"]

[Event "Titled Tuesday Blitz February 21 Late 2023"]
[White "Kovalevsky, Stanislav"]
[Black "Rottenwohrer Suarez, Juan"]
[WhiteFideId "13508598"]
[BlackFideId "32068182"]
[WhiteElo "2237"]
[BlackElo "2265"]
[Result "0-1"]
[Round "07"]
[TimeControl "180+2"]
[Date "2023.02.21"]
[WhiteClock "0:01:02"]
[BlackClock "0:00:35"]

1. c4 Nf6 2. Nc3 g6 3. g3 Bg7 4. Bg2 O-O 5. b4 e5 6. Bb2 c6 7. e4 d6 8. Nge2 Be6 9. d3 d5 10. exd5 cxd5 11. c5 Nc6 12. a3 d4 13. Ne4 Nxe4 14. Bxe4 Bd5 15. O-O f5 16. Bxd5+ Qxd5 17. f4 e4 18. Rc1 Rad8 19. b5 Ne7 20. a4 h5 21. Rc4 Kh7 22. Qb3 Rfe8 23. Rb4 exd3 24. Qxd3 Qxc5 25. Rc4 Qb6 26. Bxd4 Qe6 27. Qe3 Qxc4 28. Bxa7 Nd5 0-1


[Site "https://www.chess.com"]